 Dungeon Crawl Stone Soup version 0.17.1-1-g73c8601 (webtiles) character file.

58 abixa the Chopper (level 4, 3/37 HPs)
             Began as a Hill Orc Gladiator on Dec 30, 2015.
             Quit the game on level 2 of the Dungeon.
             The game lasted 00:06:10 (1240 turns).

abixa the Chopper (Hill Orc Gladiator)              Turns: 1240, Time: 00:06:10

Health: 3/37       AC:  5    Str: 17    XL:     4   Next: 2%
Magic:  4/4        EV: 17    Int:  8    God:
Gold:   85         SH:  0    Dex: 17    Spells: 0 memorised, 3 levels left

rFire  + . .     SeeInvis .     a - +0 war axe
rCold  + . .     Clarity  .     b - +0 leather armour
rNeg   . . .     SustAt   .     (no shield)
rPois  +         Gourm    .     c - +0 helmet
rElec  +         Spirit   .     (no cloak)
rCorr  +         Warding  .     n - +0 pair of gloves
rMut   .         Stasis   .     (no boots)
MR     .....                    (no amulet)
Stlth  ++........               (no ring)
                                (no ring)

@: agile, resistant, not resistant to hostile enchantments, unstealthy
A: breathe flames 1
a: Breathe Fire


You were on level 2 of the Dungeon.
You were not hungry.

You visited 1 branch of the dungeon, and saw 2 of its levels.

You collected 85 gold pieces.

Inventory:

Hand Weapons
 a - a +0 war axe (weapon)
Missiles
 d - 3 throwing nets (quivered)
 g - 26 sling bullets
 j - 101 stones
 p - 16 poisoned needles
Armour
 b - a +0 leather armour (worn)
 c - a +0 helmet (worn)
 n - a +0 pair of gloves (worn)
Scrolls
 f - a scroll of remove curse {unknown}
 h - a scroll of fog {unknown}
 k - a scroll of teleportation {unknown}
 l - 5 scrolls of identify {unknown}
 m - a scroll of blinking {unknown}
 r - 3 scrolls of immolation {unknown}
Books
 v - a book of Geomancy

   Spells                             Type                      Level
   a - Sandblast                      Earth                        1
   b - Stoneskin                      Transmutation/Earth          2
   c - Passwall                       Transmutation/Earth          3
   d - Stone Arrow                    Conjuration/Earth            3
   e - Petrify                        Transmutation/Earth          4
   f - Lee's Rapid Deconstruction     Earth                        5
Comestibles
 e - a bread ration
 i - 4 fruits
 o - a beef jerky


   Skills:
 - Level 2.4 Fighting
 + Level 6.3 Axes
 - Level 1.7 Throwing
 - Level 2.4 Dodging


You had 3 spell levels left.
You didn't know any spells.

Dungeon Overview and Level Annotations

Branches:
Dungeon (2/15)

Altars:
Gozag


Innate Abilities, Weirdness & Mutations

You can breathe flames.


Message History

You hit the adder.
The adder is severely wounded.
The adder closely misses you. The adder bites you but does no damage.
Drink which item? (? for menu, Esc to quit)
It was a potion of beneficial mutation.
Your throat feels hot.
You feel fantastic! The adder closely misses you.
Drink which item? (? for menu, Esc to quit)
It was a potion of agility.
You feel agile all of a sudden. The adder misses you.
You closely miss the adder.
The adder is heavily wounded.
The adder misses you. The adder bites you but does no damage.
You slash the adder!
You kill the adder!
You have reached level 4!
Unknown command.
Unknown command.
Are you sure you want to abandon this character and quit the game? (Confirm with "yes".)

## ####### #.#
#.#.#.##
....<.....#
###.#.#.#.#.##
#.....†......####
.#.#.#@#.#.#....
#............##.#
#.#.#.#.#†#.###.#
.........†.##.#
#.#.#.#.#.###.#
#..g.........#.#
##.#.#.#.#.#...#
#####.#.#####>#
#...# #.#


There were no monsters in sight!

Vanquished Creatures
  2 adders (D:2)
  An ooze (D:1)
  5 goblins
  4 kobolds
  2 quokkas
  6 bats
  5 giant cockroaches
  4 jackals
  10 rats
39 creatures vanquished.

Notes
Turn   | Place    | Note
--------------------------------------------------------------
     0 | D:1      | abixa the Hill Orc Gladiator began the quest for the Orb.
     0 | D:1      | Reached XP level 1. HP: 18/18 MP: 1/1
    92 | D:1      | Reached XP level 2. HP: 18/25 MP: 2/2
   210 | D:1      | Reached skill level 5 in Axes
   740 | D:1      | Reached XP level 3. HP: 28/30 MP: 3/3
  1099 | D:2      | Found an opulent altar of Gozag.
  1164 | D:2      | Reached skill level 6 in Axes
  1231 | D:2      | HP: 1/30 [poisoned by an adder]
  1236 | D:2      | Gained mutation: You can breathe flames. [potion of beneficial mutation]
  1239 | D:2      | Reached XP level 4. HP: 3/37 MP: 4/4
  1240 | D:2      | Quit the game

Action                   |  1- 3 |  4- 6 || total
-------------------------+-------+-------++-------
Melee: War axe           |   120 |       ||   120
  Use: Potion            |     4 |       ||     4
 Stab: Sleeping          |     2 |       ||     2
  Eat: Chunk             |     1 |       ||     1
